 Dungeon Crawl Stone Soup version 0.32-a0-519-g08f29ac1c3 (webtiles) character file.

Game seed: 11687415426993727488

779 seren the Charlatan (level 7, -8/52 HPs)
             Began as a Coglin Artificer on Feb 27, 2024.
             Mangled by a gnoll
             ... wielding a +2 whip of electrocution
             ... led by a gnoll sergeant
              (14 damage)
             ... on level 6 of the Dungeon.
             The game lasted 00:12:50 (5353 turns).

seren the Charlatan (Coglin Artificer)              Turns: 5353, Time: 00:12:50

Health: -8/52      AC:  9    Str: 12    XL:     7   Next: 85%
Magic:  7/7        EV: 12    Int: 13    God:
Gold:   417        SH:  0    Dex: 17    Spells: 6/6 levels left

rFire   . . .        q - +0 dagger (venom) {Thoko}
rCold   . . .        i - +1 short sword (venom) {Oskar}
rNeg    . . .        y - +2 leather armour "Womer" {+Blink rPois Int+3}
rPois   +            g - +2 helmet
rElec   .            z - +0 cloak
rCorr   .            (no gloves)
SInv    .            (no boots)
Will    .....        E - amulet of magic regeneration
Stlth   ++           (ring unavailable)
HPRegen 0.28/turn    (ring unavailable)
MPRegen 0.50/turn

%: no passive effects
@: revved
A: off-hand wielding, slow wielding, warmup strikes, no rings
a: Evoke Blink


You were on level 6 of the Dungeon.
You visited 1 branch of the dungeon, and saw 6 of its levels.

You collected 417 gold pieces.

Inventory:

Hand Weapons
 f - a +0 short sword {Anneliese}
 i - a +1 short sword of venom (offhand) {Oskar}
 q - a +0 dagger of venom (weapon) {Thoko}
Missiles
 b - 5 poisoned darts
 n - 3 curare-tipped darts
 A - 2 boomerangs
Armour
 g - a +2 helmet (worn)
 r - a +2 scale mail of positive energy
 y - the +2 leather armour "Womer" (worn) {+Blink rPois Int+3}
   (You found it on level 4 of the Dungeon)

   Int+3:     It affects your intelligence (+3).
   rPois:     It protects you from poison +Blink: It lets you blink.
 z - a +0 cloak (worn)
 B - the +1 leather armour of the Wasteland {SInv}
   (You found it on level 5 of the Dungeon)

   SInv:      It lets you see invisible.
Jewellery
 E - an amulet of magic regeneration (around neck)
Wands
 c - a wand of flame (10) (quivered)
 d - a wand of charming (15)
 e - a wand of iceblast (5)
Scrolls
 a - 2 scrolls of fog
 h - 2 scrolls of amnesia
 l - a scroll of blinking {unknown}
 m - 3 scrolls of identify {unknown}
 o - 4 scrolls of teleportation {!r}
 s - a scroll of summoning {unknown}
 x - a scroll of noise {unknown}
 C - a scroll of torment {unknown}
 D - a scroll of revelation {unknown}
Potions
 j - a potion of resistance {unknown}
 k - a potion of enlightenment {unknown}
 p - 2 potions of lignification {unknown}
 t - 4 potions of curing
 u - 2 potions of degeneration {unknown}
 v - a potion of heal wounds {unknown}
 w - a potion of magic {unknown}
 F - a potion of invisibility {unknown}


   Skills:
 + Level 3.3 Fighting
 * Level 3.9 Short Blades
 + Level 3.4 Armour
 + Level 2.8 Dodging
 + Level 2.7 Stealth
 + Level 5.6 Evocations


You had 6 spell levels left.
You didn't know any spells.
Your spell library contained the following spells:

 Spells                   Type           Power      Damage    Failure   Level
 Jinxbite                 Hex            0%         N/A       52%         2
 Inner Flame              Hex/Fire       0%         N/A       75%         3
 Summon Blazeheart Golem  Fire/Summ      0%         N/A       98%         4
 Summon Lightning Spire   Summ/Air       0%         N/A       98%         4
 Irradiate                Conj/Alch      0%         3d11      100%        5
 Yara's Violent Unravell  Hex/Alch       0%         3d3       100%        5
 Enfeeble                 Hex            0%         N/A       100%        7
 Ignition                 Fire           0%         3d3       100%        8


Dungeon Overview and Level Annotations

Branches:
Dungeon (6/15)
 Temple: D:4-7

Altars:
Hepliaklqana

Shops:
D:2 [   D:5 :   D:6 *:

Annotations:
D:3 2 runed translucent doors, yadon's ghost, amateur DsGl
D:5 Sigmund


Innate Abilities, Weirdness & Mutations

You can wield a second weapon in your off-hand.
It takes a long time for you to wield or remove held weapons.
Your first few attacks do less damage.
Your grasper-arms cannot wear rings.


Message History

Things that are here:
a +0 dagger; a +0 robe; an orc corpse You hit the gnoll sergeant but do no damage.
The gnoll sergeant is poisoned.
You hit the gnoll sergeant but do no damage.
The gnoll sergeant looks even sicker.
The gnoll sergeant hits you but does no damage.
The gnoll barely misses you.
You hit the gnoll sergeant with your +1 short sword of venom.
The gnoll sergeant looks as sick as possible!
The gnoll sergeant is lightly wounded.
The gnoll sergeant blocks your attack.
The gnoll sergeant hits you from afar with a +0 spear!
* * * LOW HITPOINT WARNING * * *
The gnoll hits you but does no damage.
Things that are here:
a +0 spear; a gnoll corpse The gnoll sergeant attacks as it pursues you!
The gnoll sergeant closely misses you.
The gnoll sergeant hits you but does no damage.
You hit the gnoll but do no damage. x2
The gnoll hits you with a +2 whip of electrocution.
* * * LOW HITPOINT WARNING * * *
The gnoll sergeant hits you from afar with a +0 spear!
* * * LOW HITPOINT WARNING * * *
You are too injured to fight recklessly!
You hit the gnoll with your +0 dagger of venom.
The gnoll is poisoned.
The gnoll is moderately wounded.
You completely miss the gnoll with your +1 short sword of venom.
You kill the gnoll sergeant!
The gnoll hits you with a +2 whip of electrocution.
* * * LOW HITPOINT WARNING * * *
You barely miss the gnoll with your +0 dagger of venom.
The gnoll is moderately wounded.
You hit the gnoll but do no damage.
The gnoll looks as sick as possible!
The gnoll hits you with a +2 whip of electrocution.
* * * LOW HITPOINT WARNING * * *
You are electrocuted!
You die...

#.# #..### #...#### #.#
#...###### #..## # # #.#
#...##..# #..## ## ..####.#
##.......#####...###. #....#.##
###..#.......##.......#
#.....###g.g.##...##.........##
#.....oog.##g)#...####........#
#....#..#.#####g#...###......##..
g.## #..#..# ##@...##......#####
##.###.## #......#.....#####
#..###..## #.....###.........
#†###....#.....### ##..##...#
##.##.####......# #.###.###
#.#.##.## ##...#.. ..## ###
#.....# #..###.# ### ##..### .#.#
.# #.#. .###. ##


You could see 3 gnolls.

Vanquished Creatures
  2 scorpions (D:6)
  A gnoll sergeant (D:6)
  A bombardier beetle (D:4)
  2 jellies (D:4)
  3 hounds
  Jessica (D:3)
  2 iguanas (D:5)
  2 sleepcaps
  3 orc wizards (D:6)
  4 gnolls
  4 adders
  A white imp (D:6)
  5 ribbon worms
  14 orcs
  10 endoplasms
  4 giant cockroaches
  9 goblins
  6 hobgoblins
  6 jackals
  4 quokkas
  8 ball pythons
  5 bats
  5 frilled lizards
  11 kobolds
  8 rats
121 creatures vanquished.

Notes
Turn   | Place    | Note
-------+----------+-------------------------------------------
     0 | D:1      | seren the Coglin Artificer began the quest for the Orb.
     0 | D:1      | Reached XP level 1. HP: 15/15 MP: 1/1
    80 | D:1      | Reached skill level 1 in Dodging
   181 | D:1      | Reached XP level 2. HP: 21/21 MP: 2/2
   215 | D:1      | Reached skill level 1 in Stealth
   314 | D:1      | Reached skill level 1 in Short Blades
   447 | D:1      | Reached XP level 3. HP: 26/26 MP: 3/3
  1414 | D:2      | Got Hame Pax's Essays on the Familiar and Thermatology
  1474 | D:2      | Reached XP level 4. HP: 33/33 MP: 4/4
  1480 | D:2      | Found Lipynouf's Antique Armour Boutique.
  1937 | D:3      | Found a runed translucent door.
  1943 | D:3      | Noticed yadon's ghost (amateur DsGl)
  1990 | D:3      | Found a runed translucent door.
  2193 | D:3      | Noticed Jessica
  2199 | D:3      | Killed Jessica
  2364 | D:3      | Reached XP level 5. HP: 31/38 MP: 5/5
  2767 | D:4      | Identified the +2 leather armour "Womer" {+Blink rPois
                  | Int+3}
  3218 | D:4      | Reached XP level 6. HP: 8/46 MP: 6/6
  3568 | D:4      | Found a hazy altar of Hepliaklqana.
  3824 | D:5      | Entered Level 5 of the Dungeon
  3865 | D:5      | Reached skill level 5 in Evocations
  4055 | D:5      | Identified the +1 leather armour of the Wasteland {SInv}
  4119 | D:5      | Found Kibid's Self-Published Books.
  4172 | D:5      | Reached XP level 7. HP: 40/51 MP: 7/7
  4341 | D:5      | Noticed Sigmund
  4611 | D:6      | Identified the +2 leather armour of Wu Jian's Hatred {Harm
                  | rPois rC- rN+}
  4625 | D:6      | Found Meadirow's Assorted Antiques.
  5133 | D:6      | Found Fitygip's Book Boutique.
  5353 | D:6      | Mangled by a gnoll

Illustrated notes

Levels and vault maps discovered:
D:1:      tekkud_arrival_beachfront_property, layout_loops_corners,
          dk_noncrumbling_4
D:2:      layout_loops_cross, serial_shops, shop, minmay_vboxes
D:3:      layout_loops_ring, ebering_ghost_sewer_f, kennysheep_jessica_study
D:4:      layout_gridville, lemuel_coloured_pillars_altar, kennysheep_path_1,
          st_stairs_7, minmay_increasing_density
D:5:      layout_loops_ring, reono_crystal_passage, nicolae_custom_books,
          uniq_sigmund, uniq_crazy_yiuf_cottage
D:6:      layout_layer_cave, serial_shops, nicolae_shop_crystal,
          nicolae_shop_stone, nicolae_shop_tiny_real_fake_doors

Skill      XL: |  1  2  3  4  5  6  7 |
---------------+----------------------+-----
Dodging        | 1 2 |  2.8
Stealth        | 1 2 |  2.7
Armour         | 2 3 |  3.4
Short Blades   | 1 2 3 |  3.9
Fighting       | 2 3 |  3.3
Evocations     | 5 |  5.6

Action                     |  1- 3 |  4- 6 |  7- 9 || total
---------------------------+-------+-------+-------++-------
  Melee: Club              |    36 |       |       ||    36
         Short sword       |   200 |   190 |    57 ||   447
         Dagger            |       |   120 |    59 ||   179
  Evoke: Wand              |       |     5 |       ||     5
    Use: Scroll            |       |     2 |     1 ||     3
         Potion            |       |       |     1 ||     1
   Stab: Sleeping          |     4 |     1 |       ||     5
 Armour: Leather armour    |    81 |    50 |    43 ||   174
         Scale mail        |       |    33 |       ||    33
  Dodge: Dodged            |    67 |    79 |    39 ||   185
         Repelled          |     2 |     1 |       ||     3

Table legend: (Time is in decaauts)
 A = Elapsed time spent in this place.
 B = Non-inter-level travel time spent in this place.
 C = Inter-level travel time spent in this place.
 D = Time resting spent in this place.
 E = Time spent auto-exploring this place.
 F = Levels seen in this place.
 G = Mean time per level.
                   A        B        C        D        E       F      G
               +--------+--------+--------+--------+--------+-----+--------+
         Total |   5326 |   5167 |    159 |    760 |   3260 |   6 |  887.7 |
       Dungeon |   5326 |   5167 |    159 |    760 |   3260 |   6 |  887.7 |
               +--------+--------+--------+--------+--------+-----+--------+

Top non-repeatable levels by time:
     D:4: 1119 daAuts
     D:3: 958 daAuts
     D:1: 956 daAuts
     D:6: 939 daAuts
     D:2: 791 daAuts
     D:5: 561 daAuts
